Blackdemons vs Griffins
Created - November 24, 2017 at 00:10
Goals
|
| Blackdemons |
1 |
3 |
1 |
5 |
| Griffins |
1 |
1 |
4 |
6 |
|
Shots
|
| Blackdemons |
12 |
13 |
9 |
34 |
| Griffins |
16 |
11 |
8 |
35 |
|
1st period
1. Blackdemons , Branko Radivojevic 4 (Martin Hanzal 11, Andrew MacDonald 19) at 11:54
2. Griffins , Petr Pohl 13 (Jamie Arniel 13, Tye McGinn 11) at 18:03
Penalties :
Calvin de Haan (MJM) for Interference (Minor) at 4:13
2nd period
3. Blackdemons , Branko Radivojevic 5 (Martin Hanzal 12, Patrice Cormier 14) at 1:58
4. Blackdemons , Branko Radivojevic 6 (Patrice Cormier 15) at 9:25
5. Griffins , Tye McGinn 3 (Simon Despres 7) at 9:35
6. Blackdemons , Max Friberg 7 (Kyle Rau 8, Jeffrey Foss 8) at 14:48
Penalties :
Oscar Klefbom (Cap) for Hooking (Minor) at 3:53, Devin Shore (Cap) for Cross-checking (Minor) at 16:06, Simon Despres (Cap) for Boarding (Major) at 19:50
3rd period
7. Griffins , Jan Mursak 8 (Kyle Lawson 2, Jason Missiaen) at 1:19 (SH)
8. Griffins , Petr Pohl 14 (Jamie Arniel 14) at 11:27
9. Blackdemons , Mikko Lehtonen 5 (Noel Acciari 4, Mackenzie MacEachern 2) at 15:15
10. Griffins , Greg Mauldin 4 (Mike Duco 3) at 17:35
11. Griffins , Robert Dome 8 (J.T. Brown 7, Devin Shore 4) at 17:43
Penalties :
Tye McGinn (Cap) for Interference (Minor) at 8:27, Simon Despres (Cap) for Interference (Minor) at 12:28
Goalie Stats
Alexander Salak (MJM), 29 saves from 35 shots - (0.829), L, 0-4-0, 58:47 minutes
Jason Missiaen (Cap), 29 saves from 34 shots - (0.853), W, 7-2-2, 60:00 minutes
Players Stats for Blackdemons
Player Name G A P +/- PIM S H SB GA TA FO MP PP MP PK MP
------------------------------------------------------------------------------------
Ales Kotalik 0 0 0 -4 0 3 0 1 0 0 0/0 21:39 6:20 0:47
Andrew MacDonald 0 1 1 -2 0 3 1 1 1 0 0/0 24:20 7:18 1:06
Andy McDonald 0 0 0 -3 0 5 1 0 0 0 2/4 22:17 5:45 1:12
Blake Pietila 0 0 0 2 0 0 0 0 0 0 0/1 17:55 6:13 0:00
Branko Radivojevic 3 0 3 3 0 6 1 0 1 0 0/2 16:37 5:14 0:00
Brett Kulak 0 0 0 1 0 0 0 0 0 0 0/0 6:01 0:00 0:00
Calvin de Haan 0 0 0 -1 2 0 0 0 1 0 0/0 21:08 5:13 0:00
Charles-Olivier Roussel 0 0 0 2 0 0 0 0 0 0 0/0 7:38 0:24 0:53
Jeffrey Foss 0 1 1 2 0 1 0 0 0 1 0/0 7:14 0:00 0:53
Keaton Ellerby 0 0 0 -2 0 2 3 1 0 0 0/0 25:20 5:13 1:06
Klas Dahlbeck 0 0 0 1 0 0 0 0 0 1 0/0 6:23 0:22 0:00
Kyle Rau 0 1 1 1 0 1 1 0 0 0 4/7 8:48 0:00 0:00
Mackenzie MacEachern 0 1 1 1 0 0 0 1 0 0 0/0 7:36 0:00 0:00
Martin Hanzal 0 2 2 2 0 4 2 2 1 0 11/20 21:21 6:21 1:12
Mathew Dumba 0 0 0 -3 0 0 7 1 1 0 0/0 23:02 7:20 0:00
Max Friberg 1 0 1 1 0 2 0 0 1 0 0/0 8:22 0:46 0:00
Mikko Lehtonen 1 0 1 -2 0 3 1 0 2 0 1/2 12:39 1:43 0:00
Noel Acciari 0 1 1 -1 0 0 1 0 1 0 6/13 11:51 1:23 0:00
Patrice Cormier 0 2 2 -2 0 2 1 2 0 0 9/19 17:00 4:39 0:47
Sergei Plotnikov 0 0 0 -1 0 2 2 1 0 1 0/1 10:49 0:21 0:00
Players Stats for Griffins
Player Name G A P +/- PIM S H SB GA TA FO MP PP MP PK MP
------------------------------------------------------------------------------------
Devin Shore 0 1 1 1 2 1 0 0 0 0 6/9 11:04 0:00 0:09
Gord Baldwin 0 0 0 -2 0 2 2 2 0 0 0/0 20:57 0:34 6:34
Greg Mauldin 1 0 1 0 0 6 3 0 1 0 8/13 12:38 0:45 0:00
J.T. Brown 0 1 1 2 0 2 2 0 1 1 2/2 14:30 0:00 3:45
Jamie Arniel 0 2 2 -1 0 1 1 1 0 0 17/33 24:18 1:14 6:52
Jan Mursak 1 0 1 0 0 1 1 0 0 2 0/1 14:53 0:00 6:52
Justin Braun 0 0 0 1 0 0 1 0 0 0 0/0 25:07 0:00 6:34
Kyle Lawson 0 1 1 2 0 2 1 0 0 2 0/0 19:06 0:00 6:21
Lucas Lessio 0 0 0 0 0 0 0 0 0 0 0/0 8:23 0:00 2:18
Mike Duco 0 1 1 1 0 2 0 1 0 0 0/0 17:25 0:45 3:45
Oscar Klefbom 0 0 0 -1 2 1 0 0 0 0 0/0 18:34 1:25 3:25
Petr Pohl 2 0 2 -1 0 10 3 0 0 2 3/4 17:50 1:14 2:09
Petter Granberg 0 0 0 1 0 1 1 0 0 0 0/0 13:27 0:34 0:00
Pontus Aberg 0 0 0 0 0 0 1 0 1 0 0/0 11:53 0:00 0:00
Robert Dome 1 0 1 1 0 2 2 0 0 0 0/3 11:41 1:14 0:00
Simon Despres 0 1 1 1 7 0 1 3 0 1 0/0 23:13 1:25 2:56
Tye McGinn 1 1 2 -1 2 3 1 0 0 1 0/0 16:00 0:45 0:00
Vladislav Namestnikov 0 0 0 0 0 1 1 0 0 0 0/4 6:01 0:00 0:00
3 Stars
1 - Branko Radivojevic (MJM)
2 - Petr Pohl (Cap)
3 - Martin Hanzal (MJM)
Power Play
Blackdemons - 0 on 5 Attempt(s) - 0.00%
Griffins - 0 on 1 Attempt(s) - 0.00%
Penalty Kill
Blackdemons - 1 on 1 Attempt(s) - 100.00%
- Score 0 goal in Penalty Kill
Griffins - 5 on 5 Attempt(s) - 100.00%
- Score 1 goal in Penalty Kill
Team Stat
Blackdemons - Hits : 21 - Faceoff Wins : 33 - Blocked Shots : 10 - Penalty Minutes : 2
Griffins - Hits : 21 - Faceoff Wins : 36 - Blocked Shots : 7 - Penalty Minutes : 13
Official
Referees : Joannette Marc and Walkom Stephen
Linesman : Pierre Racicot and Jean Morin
Game Notes
Branko Radivojevic has scored a Hat Trick!
Patrice Cormier is injured at 11:21 of 3rd period (Head)
Finance
Level 1 -- Attendance: 1596 (79.80%) -- Ticket Income $55,860
Level 2 -- Attendance: 730 (73.00%) -- Ticket Income $14,600
Total Attendance: 2326 (77.53%)
Total Ticket Income: $70,460
Other Income: $3,523
Total Income: $73,983
Blackdemons
5 vs 5 Forward
Center Left Wing Right Wing Time % Phy DF OF
1 Patrice Cormier Andy McDonald Ales Kotalik 40 0 1 4
2 Martin Hanzal Blake Pietila Branko Radivojevic 32 0 1 4
3 Noel Acciari Sergei Plotnikov Mikko Lehtonen 20 1 2 2
4 Kyle Rau Mackenzie MacEachern Max Friberg 8 1 2 2
5 vs 5 Defense
Defense Defense Time % Phy DF OF
1 Keaton Ellerby Mathew Dumba 45 0 3 2
2 Andrew MacDonald Calvin de Haan 35 0 3 2
3 Jeffrey Foss Charles-Olivier Roussel 12 1 3 1
4 Klas Dahlbeck Brett Kulak 8 1 3 1
PowerPlay Forward
Center Left Wing Right Wing Time % Phy DF OF
1 Martin Hanzal Blake Pietila Ales Kotalik 60 0 1 4
2 Patrice Cormier Andy McDonald Branko Radivojevic 40 0 1 4
PowerPlay Defense
Defense Defense Time % Phy DF OF
1 Mathew Dumba Andrew MacDonald 60 1 1 3
2 Keaton Ellerby Calvin de Haan 40 1 1 3
Penalty Kill 4 Players Forward
Center Wing Time % Phy DF OF
1 Andy McDonald Martin Hanzal 60 1 4 0
2 Ales Kotalik Patrice Cormier 40 1 4 0
Penalty Kill 4 Players Defense
Defense Defense Time % Phy DF OF
1 Keaton Ellerby Andrew MacDonald 60 1 4 0
2 Calvin de Haan Jeffrey Foss 40 1 4 0
Penalty Kill - 3 Players Forward
Forward Time % Phy DF OF
1 Andy McDonald 60 1 4 0
2 Martin Hanzal 40 1 4 0
Penalty Kill - 3 Players Defense
Defense Defense Time % Phy DF OF
1 Keaton Ellerby Andrew MacDonald 60 1 4 0
2 Calvin de Haan Jeffrey Foss 40 1 4 0
4 vs 4 Forward
Center Wing Time % Phy DF OF
1 Andy McDonald Martin Hanzal 60 1 2 2
2 Ales Kotalik Patrice Cormier 40 1 2 2
4 vs 4 Defense
Defense Defense Time % Phy DF OF
1 Keaton Ellerby Andrew MacDonald 60 1 2 2
2 Calvin de Haan Jeffrey Foss 40 1 2 2
Last Minutes Offensive
Center Left Wing Right Wing Defense Defense
Martin Hanzal Andy McDonald Ales Kotalik Keaton Ellerby Andrew MacDonald
Last Minutes Defensive
Center Left Wing Right Wing Defense Defense
Martin Hanzal Andy McDonald Ales Kotalik Keaton Ellerby Andrew MacDonald
Goaltenders
Starting : Alexander Salak
Backup : Matt Hackett
Extra Forwards
Normal : Mikko Lehtonen, Noel Acciari, Kyle Rau - PP : Mikko Lehtonen, Noel Acciari - PK : Kyle Rau
Extra Defensemen
Normal : Mathew Dumba, Charles-Olivier Roussel, Keaton Ellerby - PP : Mathew Dumba - PK : Charles-Olivier Roussel, Calvin de Haan
Penalty Shots
Andy McDonald, Martin Hanzal, Ales Kotalik, Patrice Cormier, Branko Radivojevic
Scratches
Alexandre Grenier (Back Surgery Injury), Scott Timmins (Healthy), Dan Bertram (Healthy), Colin Smith (Healthy), Scott Wilson (Healthy)
Jyrki Jokipakka (Healthy), Reece Scarlett (Healthy), Patrice Cormier (Head Injury), Ben Maxwell (Healthy), Nicolas Deschamps (Healthy)
Jacob Lagacé (Healthy), James Livingstone (Healthy), Sami Aittokallio (Healthy)
Griffins
5 vs 5 Forward
Center Left Wing Right Wing Time % Phy DF OF
1 Jamie Arniel Tye McGinn Petr Pohl 40 1 2 2
2 Greg Mauldin Pontus Aberg Mike Duco 30 1 2 2
3 Devin Shore Robert Dome J.T. Brown 20 1 2 2
4 Vladislav Namestnikov Jan Mursak Lucas Lessio 10 1 2 2
5 vs 5 Defense
Defense Defense Time % Phy DF OF
1 Justin Braun Simon Despres 40 1 2 2
2 Gord Baldwin Oscar Klefbom 30 1 2 2
3 Kyle Lawson Petter Granberg 20 1 2 2
4 Kyle Lawson Petter Granberg 10 1 2 2
PowerPlay Forward
Center Left Wing Right Wing Time % Phy DF OF
1 Jamie Arniel Robert Dome Petr Pohl 60 1 2 2
2 Greg Mauldin Tye McGinn Mike Duco 40 1 2 2
PowerPlay Defense
Defense Defense Time % Phy DF OF
1 Simon Despres Oscar Klefbom 60 1 2 2
2 Gord Baldwin Petter Granberg 40 1 2 2
Penalty Kill 4 Players Forward
Center Wing Time % Phy DF OF
1 Jamie Arniel Jan Mursak 60 1 2 2
2 J.T. Brown Mike Duco 40 1 2 2
Penalty Kill 4 Players Defense
Defense Defense Time % Phy DF OF
1 Gord Baldwin Justin Braun 60 1 2 2
2 Simon Despres Kyle Lawson 40 1 2 2
Penalty Kill - 3 Players Forward
Forward Time % Phy DF OF
1 Jamie Arniel 60 1 2 2
2 Mike Duco 40 1 2 2
Penalty Kill - 3 Players Defense
Defense Defense Time % Phy DF OF
1 Gord Baldwin Justin Braun 60 1 2 2
2 Simon Despres Kyle Lawson 40 1 2 2
4 vs 4 Forward
Center Wing Time % Phy DF OF
1 Robert Dome Petr Pohl 60 1 2 2
2 Jamie Arniel Tye McGinn 40 1 2 2
4 vs 4 Defense
Defense Defense Time % Phy DF OF
1 Justin Braun Oscar Klefbom 60 1 2 2
2 Gord Baldwin Simon Despres 40 1 2 2
Last Minutes Offensive
Center Left Wing Right Wing Defense Defense
Jamie Arniel Robert Dome Petr Pohl Oscar Klefbom Simon Despres
Last Minutes Defensive
Center Left Wing Right Wing Defense Defense
Jamie Arniel Jan Mursak Mike Duco Gord Baldwin Justin Braun
Goaltenders
Starting : Jason Missiaen
Backup : Thomas Greiss
Extra Forwards
Normal : Jamie Arniel, Tye McGinn, Pontus Aberg - PP : Pontus Aberg, Devin Shore - PK : Petr Pohl
Extra Defensemen
Normal : Simon Despres, Oscar Klefbom, Petter Granberg - PP : Justin Braun - PK : Simon Despres, Oscar Klefbom
Penalty Shots
Robert Dome, Petr Pohl, Jamie Arniel, Tye McGinn, Greg Mauldin
Scratches
Garrett Wilson (Healthy), Tanner Kero (Healthy), Greg McKegg (Healthy), Brett Bulmer (Healthy), Stuart Percy (Healthy)
Nathan Oystrick (Healthy), Rich Clune (Healthy), Jerome Gauthier-Leduc (Healthy), Konrad Abeltshauser (Healthy), Tomas Hyka (Healthy)
Brian Hart (Healthy), Casey Wellman (Healthy), Tyler Beskorowany (Healthy)
% Time on Ice - Blackdemons
Lines # - Real PCT - Wanted PCT - Time Play
Normal Forward
1 - 33% - 40% - 14:40
2 - 26% - 32% - 11:23
3 - 24% - 20% - 10:28
4 - 17% - 8% - 7:36
Normal Defense
1 - 38% - 45% - 16:56
2 - 34% - 35% - 14:49
3 - 14% - 12% - 6:21
4 - 14% - 8% - 6:01
PP Forward
1 - 53% - 60% - 6:54
2 - 47% - 40% - 6:01
PP Defense
1 - 60% - 60% - 7:42
2 - 40% - 40% - 5:13
PK Forward
1 - 61% - 60% - 1:12
2 - 39% - 40% - 0:47
PK Defense
1 - 55% - 60% - 1:06
2 - 45% - 40% - 0:53
PK3 Forward
1 - 0% - 60%
2 - 0% - 40%
PK3 Defense
1 - 0% - 60%
2 - 0% - 40%
44 Forward
1 - 0% - 60%
2 - 0% - 40%
44 Defense
1 - 0% - 60%
2 - 0% - 40%
Last Minute Offensive - 0:59
Last Minute Defensive - 0:00
Total
Forward - 60:00
Defense - 60:00
|
% Time on Ice - Griffins
Lines # - Real PCT - Wanted PCT - Time Play
Normal Forward
1 - 35% - 40% - 15:31
2 - 27% - 30% - 11:59
3 - 24% - 20% - 10:39
4 - 14% - 10% - 6:01
Normal Defense
1 - 39% - 40% - 17:15
2 - 33% - 30% - 14:22
3 - 21% - 20% - 9:10
4 - 8% - 10% - 3:23
PP Forward
1 - 62% - 60% - 1:14
2 - 38% - 40% - 0:45
PP Defense
1 - 71% - 60% - 1:25
2 - 29% - 40% - 0:34
PK Forward
1 - 71% - 60% - 9:10
2 - 29% - 40% - 3:45
PK Defense
1 - 51% - 60% - 6:34
2 - 49% - 40% - 6:21
PK3 Forward
1 - 0% - 60%
2 - 0% - 40%
PK3 Defense
1 - 0% - 60%
2 - 0% - 40%
44 Forward
1 - 0% - 60%
2 - 0% - 40%
44 Defense
1 - 0% - 60%
2 - 0% - 40%
Last Minute Offensive - 0:00
Last Minute Defensive - 0:56
Total
Forward - 60:00
Defense - 60:00
|
Play by Play
1st period
0:01 of 1st period - Patrice Cormier wins face-off versus Jamie Arniel in neutral zone.
0:26 of 1st period - Simon Despres is hit by Mathew Dumba and loses puck.
0:31 of 1st period - Slapshot by Branko Radivojevic.
0:31 of 1st period - Shot Misses the Net.
0:33 of 1st period - Wrist shot by Martin Hanzal.
0:33 of 1st period - Shot Misses the Net.
0:35 of 1st period - Slapshot by Martin Hanzal.
0:35 of 1st period - Stopped by Jason Missiaen without a rebound.
0:36 of 1st period - Devin Shore wins face-off versus Sergei Plotnikov in Griffins zone.
1:01 of 1st period - Andrew MacDonald is hit by Jan Mursak.
1:18 of 1st period - Icing by Oscar Klefbom.
1:19 of 1st period - Patrice Cormier wins face-off versus Jamie Arniel in Griffins zone.
1:22 of 1st period - Snap shot by Ales Kotalik.
1:22 of 1st period - Deflect By Patrice Cormier.
1:22 of 1st period - Stopped by Jason Missiaen with a rebound.
1:24 of 1st period - Slapshot by Keaton Ellerby.
1:24 of 1st period - Shot Misses the Net.
1:26 of 1st period - Slapshot by Keaton Ellerby.
1:26 of 1st period - Stopped by Jason Missiaen with a rebound.
1:48 of 1st period - Wrist shot by Greg Mauldin.
1:48 of 1st period - Stopped by Alexander Salak with a rebound.
1:50 of 1st period - Slapshot by Oscar Klefbom.
1:50 of 1st period - Shot Blocked by Keaton Ellerby.
2:43 of 1st period - Off-side.
2:44 of 1st period - Patrice Cormier wins face-off versus Jamie Arniel in neutral zone.
3:09 of 1st period - Wrist shot by Petr Pohl.
3:09 of 1st period - Stopped by Alexander Salak without a rebound.
3:10 of 1st period - Martin Hanzal wins face-off versus Greg Mauldin in Blackdemons zone.
3:17 of 1st period - Wrist shot by Branko Radivojevic.
3:17 of 1st period - Stopped by Jason Missiaen without a rebound.
3:18 of 1st period - Greg Mauldin wins face-off versus Patrice Cormier in Griffins zone.
3:29 of 1st period - Snap shot by Pontus Aberg.
3:29 of 1st period - Shot Misses the Net.
4:04 of 1st period - Off-side.
4:05 of 1st period - Devin Shore wins face-off versus Noel Acciari in neutral zone.
4:13 of 1st period - Minor Penalty to Calvin de Haan for Interference.
4:14 of 1st period - Andy McDonald wins face-off versus Jamie Arniel in Blackdemons zone.
4:28 of 1st period - Slapshot by Jamie Arniel.
4:28 of 1st period - Shot Misses the Net.
4:30 of 1st period - Slapshot by Oscar Klefbom.
4:30 of 1st period - Stopped by Alexander Salak without a rebound.
4:31 of 1st period - Greg Mauldin wins face-off versus Andy McDonald in Blackdemons zone.
6:06 of 1st period - Oscar Klefbom is hit by Martin Hanzal.
6:12 of 1st period - Keaton Ellerby is hit by Robert Dome and loses puck.
6:13 of 1st period - Penalty to Calvin de Haan is over, Calvin de Haan is back on ice.
6:35 of 1st period - Slapshot by Andy McDonald.
6:35 of 1st period - Shot Hit the Post.
7:26 of 1st period - Snap shot by Mikko Lehtonen.
7:26 of 1st period - Stopped by Jason Missiaen without a rebound.
7:27 of 1st period - Noel Acciari wins face-off versus Vladislav Namestnikov in Griffins zone.
7:38 of 1st period - Snap shot by Vladislav Namestnikov.
7:38 of 1st period - Deflect By Charles-Olivier Roussel.
7:38 of 1st period - Shot Misses the Net.
7:38 of 1st period - Puck is out of play.
7:39 of 1st period - Jamie Arniel wins face-off versus Noel Acciari in Blackdemons zone.
8:09 of 1st period - Snap shot by Kyle Rau.
8:09 of 1st period - Shot Blocked by Mike Duco.
8:11 of 1st period - Snap shot by Kyle Rau.
8:11 of 1st period - Stopped by Jason Missiaen without a rebound.
8:12 of 1st period - Noel Acciari wins face-off versus Greg Mauldin in Griffins zone.
9:06 of 1st period - Snap shot by J.T. Brown.
9:06 of 1st period - Stopped by Alexander Salak without a rebound.
9:07 of 1st period - Greg Mauldin wins face-off versus Noel Acciari in Blackdemons zone.
9:37 of 1st period - Slapshot by Greg Mauldin.
9:37 of 1st period - Stopped by Alexander Salak with a rebound.
9:39 of 1st period - Wrist shot by Mike Duco.
9:39 of 1st period - Shot Misses the Net.
9:41 of 1st period - Wrist shot by Mike Duco.
9:41 of 1st period - Shot Misses the Net.
9:43 of 1st period - Snap shot by Greg Mauldin.
9:43 of 1st period - Stopped by Alexander Salak without a rebound.
9:44 of 1st period - Petr Pohl wins face-off versus Branko Radivojevic in Blackdemons zone.
9:55 of 1st period - Wrist shot by Tye McGinn.
9:55 of 1st period - Shot Misses the Net.
10:28 of 1st period - Off-side.
10:29 of 1st period - Noel Acciari wins face-off versus Vladislav Namestnikov in neutral zone.
10:42 of 1st period - Wrist shot by Mikko Lehtonen.
10:42 of 1st period - Shot Blocked by Simon Despres.
10:44 of 1st period - Snap shot by Sergei Plotnikov.
10:44 of 1st period - Stopped by Jason Missiaen with a rebound.
10:54 of 1st period - Jamie Arniel is hit by Martin Hanzal and loses puck.
11:23 of 1st period - Greg Mauldin is hit by Andy McDonald and loses puck.
11:37 of 1st period - Wrist shot by Justin Braun.
11:37 of 1st period - Deflect By Robert Dome.
11:37 of 1st period - Shot Blocked by Mathew Dumba.
11:37 of 1st period - Puck is out of play.
11:38 of 1st period - Kyle Rau wins face-off versus Devin Shore in Blackdemons zone.
11:42 of 1st period - Off-side.
11:43 of 1st period - Martin Hanzal wins face-off versus Jamie Arniel in neutral zone.
11:54 of 1st period - Slapshot by Branko Radivojevic.
11:54 of 1st period - Goal by Branko Radivojevic - Blackdemons : 1 - Griffins : 0.
11:55 of 1st period - Jamie Arniel wins face-off versus Martin Hanzal in neutral zone.
12:00 of 1st period - Wrist shot by Petr Pohl.
12:00 of 1st period - Stopped by Alexander Salak with a rebound.
12:04 of 1st period - Snap shot by Petr Pohl.
12:04 of 1st period - Stopped by Alexander Salak without a rebound.
12:05 of 1st period - Martin Hanzal wins face-off versus Jamie Arniel in Blackdemons zone.
12:12 of 1st period - Snap shot by Martin Hanzal.
12:12 of 1st period - Stopped by Jason Missiaen without a rebound.
12:13 of 1st period - Patrice Cormier wins face-off versus Petr Pohl in Griffins zone.
12:24 of 1st period - Wrist shot by Jamie Arniel.
12:24 of 1st period - Shot Blocked by Patrice Cormier.
12:26 of 1st period - Slapshot by Gord Baldwin.
12:26 of 1st period - Stopped by Alexander Salak with a rebound.
12:38 of 1st period - Andrew MacDonald is hit by Greg Mauldin and loses puck.
13:11 of 1st period - Wrist shot by Jan Mursak.
13:11 of 1st period - Shot Misses the Net.
13:20 of 1st period - Off-side.
13:21 of 1st period - Patrice Cormier wins face-off versus Robert Dome in neutral zone.
13:47 of 1st period - Keaton Ellerby is hit by Petr Pohl.
14:03 of 1st period - Icing by Jamie Arniel.
14:04 of 1st period - Jamie Arniel wins face-off versus Kyle Rau in Griffins zone.
14:09 of 1st period - Snap shot by Mike Duco.
14:09 of 1st period - Deflect By Pontus Aberg.
14:09 of 1st period - Shot Misses the Net.
14:09 of 1st period - Puck is out of play.
14:10 of 1st period - Greg Mauldin wins face-off versus Kyle Rau in Blackdemons zone.
14:21 of 1st period - Snap shot by Mike Duco.
14:21 of 1st period - Stopped by Alexander Salak with a rebound.
14:23 of 1st period - Snap shot by Pontus Aberg.
14:23 of 1st period - Shot Misses the Net.
14:25 of 1st period - Wrist shot by Mike Duco.
14:25 of 1st period - Stopped by Alexander Salak without a rebound.
14:26 of 1st period - Patrice Cormier wins face-off versus Jamie Arniel in Blackdemons zone.
14:31 of 1st period - Snap shot by Tye McGinn.
14:31 of 1st period - Deflect By Jamie Arniel.
14:31 of 1st period - Shot Blocked by Ales Kotalik.
14:31 of 1st period - Puck is out of play.
14:32 of 1st period - Patrice Cormier wins face-off versus Jamie Arniel in Blackdemons zone.
14:47 of 1st period - Snap shot by Petr Pohl.
14:47 of 1st period - Stopped by Alexander Salak without a rebound.
14:48 of 1st period - Martin Hanzal wins face-off versus Greg Mauldin in Blackdemons zone.
15:13 of 1st period - Wrist shot by Andy McDonald.
15:13 of 1st period - Shot Misses the Net.
15:44 of 1st period - Wrist shot by Robert Dome.
15:44 of 1st period - Shot Blocked by Sergei Plotnikov.
15:46 of 1st period - Wrist shot by Robert Dome.
15:46 of 1st period - Stopped by Alexander Salak without a rebound.
15:47 of 1st period - Andy McDonald wins face-off versus Greg Mauldin in Blackdemons zone.
15:47 of 1st period - Andy McDonald is hit by Pontus Aberg.
16:43 of 1st period - Martin Hanzal is hit by Kyle Lawson and loses puck.
17:06 of 1st period - Slapshot by Keaton Ellerby.
17:06 of 1st period - Stopped by Jason Missiaen with a rebound.
17:11 of 1st period - Icing by Kyle Lawson.
17:12 of 1st period - Martin Hanzal wins face-off versus Vladislav Namestnikov in Griffins zone.
17:45 of 1st period - Wrist shot by Mikko Lehtonen.
17:45 of 1st period - Stopped by Jason Missiaen with a rebound.
17:47 of 1st period - Slapshot by Charles-Olivier Roussel.
17:47 of 1st period - Deflect By Sergei Plotnikov.
17:47 of 1st period - Shot Misses the Net.
17:47 of 1st period - Puck is out of play.
17:48 of 1st period - Jamie Arniel wins face-off versus Patrice Cormier in Griffins zone.
18:03 of 1st period - Snap shot by Petr Pohl.
18:03 of 1st period - Goal by Petr Pohl - Blackdemons : 1 - Griffins : 1.
18:04 of 1st period - Martin Hanzal wins face-off versus Jamie Arniel in neutral zone.
18:14 of 1st period - Martin Hanzal is hit by Jamie Arniel and loses puck.
18:38 of 1st period - Snap shot by Tye McGinn.
18:38 of 1st period - Stopped by Alexander Salak with a rebound.
18:40 of 1st period - Slapshot by Kyle Lawson.
18:40 of 1st period - Shot Blocked by Andrew MacDonald.
18:42 of 1st period - Slapshot by Kyle Lawson.
18:42 of 1st period - Stopped by Alexander Salak without a rebound.
18:43 of 1st period - Greg Mauldin wins face-off versus Patrice Cormier in Blackdemons zone.
18:58 of 1st period - Slapshot by Ales Kotalik.
18:58 of 1st period - Stopped by Jason Missiaen with a rebound.
19:33 of 1st period - Vladislav Namestnikov is hit by Sergei Plotnikov.
19:56 of 1st period - Slapshot by Patrice Cormier.
19:56 of 1st period - Shot Blocked by Simon Despres.
Goals for this period are 1 for Blackdemons vs 1 for Griffins.
Shots for this period are 12 for Blackdemons vs 16 for Griffins.
2nd period
0:01 of 2nd period - Patrice Cormier wins face-off versus Jamie Arniel in neutral zone.
0:06 of 2nd period - Snap shot by Andy McDonald.
0:06 of 2nd period - Stopped by Jason Missiaen with a rebound.
0:12 of 2nd period - Snap shot by Patrice Cormier.
0:12 of 2nd period - Shot Misses the Net.
0:14 of 2nd period - Slapshot by Keaton Ellerby.
0:14 of 2nd period - Shot Blocked by Gord Baldwin.
0:16 of 2nd period - Slapshot by Patrice Cormier.
0:16 of 2nd period - Stopped by Jason Missiaen with a rebound.
0:26 of 2nd period - Keaton Ellerby is hit by Gord Baldwin and loses puck.
0:35 of 2nd period - Wrist shot by Greg Mauldin.
0:35 of 2nd period - Stopped by Alexander Salak with a rebound.
0:59 of 2nd period - Slapshot by J.T. Brown.
0:59 of 2nd period - Stopped by Alexander Salak with a rebound.
1:31 of 2nd period - Ales Kotalik is hit by Tye McGinn and loses puck.
1:42 of 2nd period - Wrist shot by Jamie Arniel.
1:42 of 2nd period - Shot Misses the Net.
1:58 of 2nd period - Snap shot by Branko Radivojevic.
1:58 of 2nd period - Goal by Branko Radivojevic - Blackdemons : 2 - Griffins : 1.
1:59 of 2nd period - Petr Pohl wins face-off versus Martin Hanzal in neutral zone.
2:12 of 2nd period - Snap shot by Petr Pohl.
2:12 of 2nd period - Stopped by Alexander Salak with a rebound.
2:14 of 2nd period - Snap shot by Petter Granberg.
2:14 of 2nd period - Stopped by Alexander Salak with a rebound.
2:51 of 2nd period - Robert Dome is hit by Mikko Lehtonen and loses puck.
3:08 of 2nd period - Snap shot by Robert Dome.
3:08 of 2nd period - Shot Blocked by Martin Hanzal.
3:53 of 2nd period - Minor Penalty to Oscar Klefbom for Hooking.
3:54 of 2nd period - Jamie Arniel wins face-off versus Patrice Cormier in Griffins zone.
3:54 of 2nd period - Jamie Arniel is hit by Mathew Dumba.
4:05 of 2nd period - Jamie Arniel is hit by Mathew Dumba and loses puck.
4:36 of 2nd period - Snap shot by Andy McDonald.
4:36 of 2nd period - Stopped by Jason Missiaen without a rebound.
4:37 of 2nd period - Petr Pohl wins face-off versus Patrice Cormier in Griffins zone.
4:59 of 2nd period - Wrist shot by Patrice Cormier.
4:59 of 2nd period - Deflect By Jan Mursak.
4:59 of 2nd period - Shot Blocked by Jamie Arniel.
4:59 of 2nd period - Puck is out of play.
5:00 of 2nd period - Jamie Arniel wins face-off versus Blake Pietila in Griffins zone.
5:53 of 2nd period - Penalty to Oscar Klefbom is over, Oscar Klefbom is back on ice.
6:42 of 2nd period - Wrist shot by Patrice Cormier.
6:42 of 2nd period - Shot Misses the Net.
6:44 of 2nd period - Backhand shot by Jeffrey Foss.
6:44 of 2nd period - Shot Blocked by Gord Baldwin.
8:17 of 2nd period - Icing by Andy McDonald.
8:18 of 2nd period - Patrice Cormier wins face-off versus Vladislav Namestnikov in Blackdemons zone.
8:31 of 2nd period - Wrist shot by Martin Hanzal.
8:31 of 2nd period - Stopped by Jason Missiaen with a rebound.
9:10 of 2nd period - Petr Pohl is hit by Kyle Rau and loses puck.
9:25 of 2nd period - Snap shot by Branko Radivojevic.
9:25 of 2nd period - Goal by Branko Radivojevic - Blackdemons : 3 - Griffins : 1.
9:26 of 2nd period - Jamie Arniel wins face-off versus Patrice Cormier in neutral zone.
9:35 of 2nd period - Snap shot by Tye McGinn.
9:35 of 2nd period - Goal by Tye McGinn - Blackdemons : 3 - Griffins : 2.
9:36 of 2nd period - Jamie Arniel wins face-off versus Patrice Cormier in neutral zone.
9:43 of 2nd period - Backhand shot by Andy McDonald.
9:43 of 2nd period - Shot Blocked by Simon Despres.
9:45 of 2nd period - Snap shot by Ales Kotalik.
9:45 of 2nd period - Stopped by Jason Missiaen without a rebound.
9:46 of 2nd period - Jamie Arniel wins face-off versus Andy McDonald in Griffins zone.
9:46 of 2nd period - Jamie Arniel is hit by Keaton Ellerby.
10:15 of 2nd period - Jamie Arniel is hit by Mathew Dumba and loses puck.
10:24 of 2nd period - Slapshot by Ales Kotalik.
10:24 of 2nd period - Stopped by Jason Missiaen without a rebound.
10:25 of 2nd period - Greg Mauldin wins face-off versus Martin Hanzal in Griffins zone.
10:50 of 2nd period - Mikko Lehtonen is hit by Robert Dome and loses puck.
11:19 of 2nd period - Slapshot by Vladislav Namestnikov.
11:19 of 2nd period - Stopped by Alexander Salak with a rebound.
11:41 of 2nd period - Petter Granberg is hit by Mathew Dumba and loses puck.
11:54 of 2nd period - Keaton Ellerby is hit by Petter Granberg and loses puck.
11:59 of 2nd period - Snap shot by Petr Pohl.
11:59 of 2nd period - Stopped by Alexander Salak without a rebound.
12:00 of 2nd period - Jamie Arniel wins face-off versus Branko Radivojevic in Blackdemons zone.
12:01 of 2nd period - Slapshot by Petr Pohl.
12:01 of 2nd period - Shot Misses the Net.
12:15 of 2nd period - Slapshot by Andrew MacDonald.
12:15 of 2nd period - Stopped by Jason Missiaen without a rebound.
12:16 of 2nd period - Greg Mauldin wins face-off versus Patrice Cormier in Griffins zone.
12:29 of 2nd period - Wrist shot by Patrice Cormier.
12:29 of 2nd period - Shot Misses the Net.
12:31 of 2nd period - Snap shot by Andy McDonald.
12:31 of 2nd period - Stopped by Jason Missiaen with a rebound.
13:58 of 2nd period - Icing by Mackenzie MacEachern.
13:59 of 2nd period - Devin Shore wins face-off versus Kyle Rau in Blackdemons zone.
14:48 of 2nd period - Snap shot by Max Friberg.
14:48 of 2nd period - Goal by Max Friberg - Blackdemons : 4 - Griffins : 2.
14:49 of 2nd period - Jamie Arniel wins face-off versus Patrice Cormier in neutral zone.
14:56 of 2nd period - Slapshot by Tye McGinn.
14:56 of 2nd period - Stopped by Alexander Salak with a rebound.
14:58 of 2nd period - Wrist shot by Tye McGinn.
14:58 of 2nd period - Shot Misses the Net.
15:00 of 2nd period - Snap shot by Petr Pohl.
15:00 of 2nd period - Stopped by Alexander Salak with a rebound.
15:02 of 2nd period - Snap shot by Tye McGinn.
15:02 of 2nd period - Shot Misses the Net.
15:04 of 2nd period - Wrist shot by Kyle Lawson.
15:04 of 2nd period - Stopped by Alexander Salak without a rebound.
15:05 of 2nd period - Greg Mauldin wins face-off versus Martin Hanzal in Blackdemons zone.
15:20 of 2nd period - Slapshot by Greg Mauldin.
15:20 of 2nd period - Stopped by Alexander Salak with a rebound.
16:00 of 2nd period - Snap shot by Sergei Plotnikov.
16:00 of 2nd period - Stopped by Jason Missiaen with a rebound.
16:06 of 2nd period - Minor Penalty to Devin Shore for Cross-checking.
16:07 of 2nd period - Martin Hanzal wins face-off versus Jamie Arniel in Griffins zone.
16:22 of 2nd period - Slapshot by Andrew MacDonald.
16:22 of 2nd period - Stopped by Jason Missiaen without a rebound.
16:23 of 2nd period - Martin Hanzal wins face-off versus Jamie Arniel in Griffins zone.
16:24 of 2nd period - Wrist shot by Ales Kotalik.
16:24 of 2nd period - Shot Misses the Net.
16:50 of 2nd period - Gord Baldwin is hit by Andrew MacDonald and loses puck.
18:06 of 2nd period - Penalty to Devin Shore is over, Devin Shore is back on ice.
18:30 of 2nd period - Petter Granberg is hit by Keaton Ellerby and loses puck.
18:50 of 2nd period - Icing by Petter Granberg.
18:51 of 2nd period - Devin Shore wins face-off versus Noel Acciari in Griffins zone.
19:23 of 2nd period - Icing by Brett Kulak.
19:24 of 2nd period - Jamie Arniel wins face-off versus Patrice Cormier in Blackdemons zone.
19:50 of 2nd period - Major Penalty to Simon Despres for Boarding.
19:51 of 2nd period - Jamie Arniel wins face-off versus Martin Hanzal in Griffins zone.
Goals for this period are 3 for Blackdemons vs 1 for Griffins.
Shots for this period are 13 for Blackdemons vs 11 for Griffins.
3rd period
0:01 of 3rd period - Martin Hanzal wins face-off versus Jamie Arniel in neutral zone.
0:04 of 3rd period - Gord Baldwin is hit by Mathew Dumba and loses puck.
0:31 of 3rd period - Snap shot by Andrew MacDonald.
0:31 of 3rd period - Stopped by Jason Missiaen with a rebound.
0:33 of 3rd period - Snap shot by Branko Radivojevic.
0:33 of 3rd period - Shot Misses the Net.
1:19 of 3rd period - Slapshot by Jan Mursak.
1:19 of 3rd period - Goal by Jan Mursak - Blackdemons : 4 - Griffins : 3.
1:20 of 3rd period - Jamie Arniel wins face-off versus Martin Hanzal in neutral zone.
3:45 of 3rd period - Lucas Lessio is hit by Noel Acciari and loses puck.
4:15 of 3rd period - Off-side.
4:16 of 3rd period - J.T. Brown wins face-off versus Noel Acciari in neutral zone.
4:19 of 3rd period - Backhand shot by Gord Baldwin.
4:19 of 3rd period - Stopped by Alexander Salak with a rebound.
4:50 of 3rd period - Penalty to Simon Despres is over, Simon Despres is back on ice.
5:03 of 3rd period - Keaton Ellerby is hit by Gord Baldwin and loses puck.
5:18 of 3rd period - Sergei Plotnikov is hit by Greg Mauldin.
6:01 of 3rd period - Slapshot by Branko Radivojevic.
6:01 of 3rd period - Shot Misses the Net.
7:00 of 3rd period - Oscar Klefbom is hit by Branko Radivojevic.
7:18 of 3rd period - Snap shot by Greg Mauldin.
7:18 of 3rd period - Shot Misses the Net.
7:30 of 3rd period - Petr Pohl is hit by Patrice Cormier and loses puck.
7:48 of 3rd period - Andrew MacDonald is hit by Vladislav Namestnikov.
8:00 of 3rd period - Patrice Cormier is hit by Greg Mauldin and loses puck.
8:20 of 3rd period - Snap shot by Branko Radivojevic.
8:20 of 3rd period - Stopped by Jason Missiaen with a rebound.
8:22 of 3rd period - Slapshot by Jeffrey Foss.
8:22 of 3rd period - Shot Misses the Net.
8:24 of 3rd period - Slapshot by Jeffrey Foss.
8:24 of 3rd period - Stopped by Jason Missiaen without a rebound.
8:25 of 3rd period - Jamie Arniel wins face-off versus Martin Hanzal in Griffins zone.
8:27 of 3rd period - Minor Penalty to Tye McGinn for Interference.
8:28 of 3rd period - Martin Hanzal wins face-off versus Jamie Arniel in Griffins zone.
8:34 of 3rd period - Wrist shot by Martin Hanzal.
8:34 of 3rd period - Shot Misses the Net.
8:54 of 3rd period - Branko Radivojevic is hit by J.T. Brown and loses puck.
10:27 of 3rd period - Penalty to Tye McGinn is over, Tye McGinn is back on ice.
10:35 of 3rd period - Wrist shot by Tye McGinn.
10:35 of 3rd period - Shot Blocked by Mackenzie MacEachern.
11:21 of 3rd period - Wrist shot by Mike Duco.
11:21 of 3rd period - Shot Blocked by Patrice Cormier.
11:21 of 3rd period - Patrice Cormier from Blackdemons is injured at 11:21 of 3rd period (Head).
11:22 of 3rd period - Jamie Arniel wins face-off versus Mikko Lehtonen in Blackdemons zone.
11:25 of 3rd period - Wrist shot by Jamie Arniel.
11:25 of 3rd period - Stopped by Alexander Salak with a rebound.
11:27 of 3rd period - Snap shot by Petr Pohl.
11:27 of 3rd period - Goal by Petr Pohl - Blackdemons : 4 - Griffins : 4.
11:28 of 3rd period - Mikko Lehtonen wins face-off versus Jamie Arniel in neutral zone.
12:03 of 3rd period - Calvin de Haan is hit by Simon Despres and loses puck.
12:28 of 3rd period - Minor Penalty to Simon Despres for Interference.
12:29 of 3rd period - Jamie Arniel wins face-off versus Martin Hanzal in Griffins zone.
12:29 of 3rd period - Jamie Arniel is hit by Mathew Dumba.
12:42 of 3rd period - Backhand shot by Jamie Arniel.
12:42 of 3rd period - Shot Blocked by Martin Hanzal.
13:05 of 3rd period - Mathew Dumba is hit by J.T. Brown and loses puck.
14:28 of 3rd period - Penalty to Simon Despres is over, Simon Despres is back on ice.
14:51 of 3rd period - Icing by Mackenzie MacEachern.
14:52 of 3rd period - Kyle Rau wins face-off versus Greg Mauldin in Blackdemons zone.
14:57 of 3rd period - Snap shot by Max Friberg.
14:57 of 3rd period - Stopped by Jason Missiaen with a rebound.
15:15 of 3rd period - Wrist shot by Mikko Lehtonen.
15:15 of 3rd period - Goal by Mikko Lehtonen - Blackdemons : 5 - Griffins : 4.
15:16 of 3rd period - Noel Acciari wins face-off versus Devin Shore in neutral zone.
15:19 of 3rd period - Devin Shore is hit by Keaton Ellerby.
15:23 of 3rd period - Wrist shot by Mikko Lehtonen.
15:23 of 3rd period - Shot Misses the Net.
16:06 of 3rd period - Andrew MacDonald is hit by Petr Pohl and loses puck.
16:15 of 3rd period - Wrist shot by Petr Pohl.
16:15 of 3rd period - Stopped by Alexander Salak without a rebound.
16:16 of 3rd period - Noel Acciari wins face-off versus Devin Shore in Blackdemons zone.
16:41 of 3rd period - Ales Kotalik is hit by Petr Pohl and loses puck.
17:02 of 3rd period - Snap shot by Branko Radivojevic.
17:02 of 3rd period - Stopped by Jason Missiaen without a rebound.
17:03 of 3rd period - Devin Shore wins face-off versus Martin Hanzal in Griffins zone.
17:12 of 3rd period - Snap shot by Robert Dome.
17:12 of 3rd period - Shot Misses the Net.
17:35 of 3rd period - Wrist shot by Greg Mauldin.
17:35 of 3rd period - Goal by Greg Mauldin - Blackdemons : 5 - Griffins : 5.
17:36 of 3rd period - J.T. Brown wins face-off versus Noel Acciari in neutral zone.
17:43 of 3rd period - Slapshot by Robert Dome.
17:43 of 3rd period - Goal by Robert Dome - Blackdemons : 5 - Griffins : 6.
17:44 of 3rd period - Devin Shore wins face-off versus Noel Acciari in neutral zone.
17:48 of 3rd period - Off-side.
17:49 of 3rd period - Noel Acciari wins face-off versus Robert Dome in neutral zone.
17:58 of 3rd period - Backhand shot by Devin Shore.
17:58 of 3rd period - Stopped by Alexander Salak with a rebound.
18:04 of 3rd period - Simon Despres is hit by Sergei Plotnikov and loses puck.
18:15 of 3rd period - Snap shot by Andy McDonald.
18:15 of 3rd period - Stopped by Jason Missiaen with a rebound.
18:17 of 3rd period - Snap shot by Andy McDonald.
18:17 of 3rd period - Stopped by Jason Missiaen without a rebound.
18:18 of 3rd period - Kyle Rau wins face-off versus Jamie Arniel in Griffins zone.
18:40 of 3rd period - Icing by Kyle Rau.
18:41 of 3rd period - Kyle Rau wins face-off versus Robert Dome in Blackdemons zone.
18:41 of 3rd period - Kyle Rau is hit by Justin Braun.
18:47 of 3rd period - Blackdemons, Alexander Salak is pulled from the net.
18:53 of 3rd period - Backhand shot by Mikko Lehtonen.
18:53 of 3rd period - Shot Misses the Net.
19:28 of 3rd period - Wrist shot by Andy McDonald.
19:28 of 3rd period - Deflect By Martin Hanzal.
19:28 of 3rd period - Stopped by Jason Missiaen without a rebound.
19:29 of 3rd period - Ron Wilson call a timeout for Blackdemons.
19:29 of 3rd period - Martin Hanzal wins face-off versus Jan Mursak in Griffins zone.
19:56 of 3rd period - Wrist shot by Jamie Arniel.
19:56 of 3rd period - Shot Misses the Net.
19:58 of 3rd period - Wrist shot by Jan Mursak.
19:58 of 3rd period - Shot Misses the Net.
Goals for this period are 1 for Blackdemons vs 4 for Griffins.
Shots for this period are 9 for Blackdemons vs 8 for Griffins.
Back to the Top